 Dungeon Crawl Stone Soup version 0.29-a0-194-g6e3aafee17 (webtiles) character file.

Game seed: 8848009004079292898

33 ZeroWinrate the Covert (level 3, -2/25 HPs)
             Began as a Gnoll Wanderer on Feb 22, 2022.
             Slain by a quokka (3 damage)
             ... on level 1 of the Dungeon.
             The game lasted 00:01:41 (913 turns).

ZeroWinrate the Covert (Gnoll Wanderer)              Turns: 913, Time: 00:01:42

Health: -2/25      AC:  2    Str:  7    XL:     3   Next: 29%
Magic:  4/4        EV: 11    Int: 14    God:
Gold:   37         SH:  0    Dex: 14    Spells: 3/3 levels left

rFire   . . .      SeeInvis .   d - +0 spear
rCold   . . .      Faith    .   (no shield)
rNeg    . . .      Spirit   .   f - +0 robe
rPois   .          Reflect  .   (no helmet)
rElec   .          Harm     .   (no cloak)
rCorr   .          Rampage  .   (no gloves)
Will    .....                   (no boots)
Stlth   ++++......              (no amulet)
HPRegen 0.08/turn               (no ring)
MPRegen 0.09/turn               (no ring)

@: no status effects
A: fangs 1, strong nose, distributed training
a: no special abilities


You were on level 1 of the Dungeon.
You visited 1 branch of the dungeon, and saw 1 of its levels.

You collected 37 gold pieces.

Inventory:

Hand Weapons
 a - a +0 dagger
 d - a +0 spear (weapon)
Missiles
 b - 2 atropa-tipped darts (quivered)
 c - 2 datura-tipped darts
Armour
 f - a +0 robe (worn)
Scrolls
 g - a scroll of identify {unknown}
 i - a scroll of amnesia {unknown}
Potions
 h - a potion of brilliance {unknown}
 j - a potion of attraction {unknown}
 k - a potion of curing {unknown}
Miscellaneous
 e - a piece from Xom's chessboard (12/15)


   Skills:
 + Level 0.7 Fighting
 + Level 0.7 Short Blades
 + Level 0.7 Long Blades
 + Level 0.7 Axes
 + Level 0.7 Maces & Flails
 + Level 2.6 Polearms
 + Level 0.7 Staves
 + Level 0.7 Slings
 + Level 0.7 Bows
 + Level 0.7 Crossbows
 + Level 0.7 Throwing
 + Level 0.7 Armour
 + Level 0.7 Dodging
 + Level 9.5 Stealth
 + Level 0.7 Shields
 + Level 0.7 Unarmed Combat
 + Level 0.7 Spellcasting
 + Level 0.5 Conjurations
 + Level 0.5 Hexes
 + Level 0.5 Summonings
 + Level 0.5 Necromancy
 + Level 0.5 Translocations
 + Level 0.5 Transmutations
 + Level 0.5 Fire Magic
 + Level 0.5 Ice Magic
 + Level 0.5 Air Magic
 + Level 0.5 Earth Magic
 + Level 0.5 Poison Magic
 + Level 0.9 Invocations
 + Level 8.5 Evocations


You had 3 spell levels left.
You didn't know any spells.
Your spell library was empty.

Dungeon Overview and Level Annotations

Branches:
Dungeon (1/15)

Altars:


Innate Abilities, Weirdness & Mutations

You have very sharp teeth.
Your uncanny sense of smell can sniff out nearby items.
Your experience applies equally to all skills.


Message History

You are too injured to fight recklessly!
The giant cockroach waves its antennae.
The giant cockroach barely misses you.
You closely miss the giant cockroach.
The giant cockroach is almost dead.
The giant cockroach bites you but does no damage.
You hit the giant cockroach.
You kill the giant cockroach!
You hit the quokka. Your bite misses the quokka.
The quokka is moderately wounded.
The quokka bites you.
You barely miss the quokka. Your bite misses the quokka.
The quokka is moderately wounded.
The quokka closely misses you.
You closely miss the quokka.
The quokka is moderately wounded.
The quokka bites you.
* * * LOW HITPOINT WARNING * * *
The quokka bites you but does no damage.
You closely miss the quokka.
The quokka is moderately wounded.
The quokka bites you.
* * * LOW HITPOINT WARNING * * *
You miss the quokka.
The quokka is moderately wounded.
The quokka bites you but does no damage.
Sorry, you're not good enough to have a special ability.
Reach: d) +0 spear
Press: ? - help, Dir - move target, f - quokka
Aim: a quokka (moderately wounded, about 49% to evade your +0 spear)
Okay, then.
Unknown command.
You make a move on Xom's chessboard...
The rat barely resists.
The quokka bites you.
* * * LOW HITPOINT WARNING * * *
You make a move on Xom's chessboard...
The quokka barely resists.
The quokka closely misses you.
You make a move on Xom's chessboard...
The rat appears confused.
The quokka bites you.
You die...

........# ###########.##.
........# #..............
........####.#########.###
.......[.†................
........####.#########)###
.......†..##.# #....
........#r##.# #####
#.##.!.r#r##.#
#.......#@##.#
#####...#.##.# #...#....#
##########


You could see a quokka and a rat (confused).

Vanquished Creatures
  A dart slug (D:1)
  7 ball pythons (D:1)
  A bat (D:1)
  3 endoplasms (D:1)
  A giant cockroach (D:1)
  4 goblins (D:1)
  A hobgoblin (D:1)
  2 jackals (D:1)
  2 quokkas (D:1)
  3 frilled lizards (D:1)
  2 kobolds (D:1)
  A rat (D:1)
28 creatures vanquished.

Notes
Turn   | Place    | Note
-------+----------+-------------------------------------------
     0 | D:1      | Reached skill level 9 in Stealth
     0 | D:1      | ZeroWinrate the Gnoll Wanderer began the quest for the Orb.
     0 | D:1      | ZeroWinrate set off with the following items: a +0 dagger,
                  | 2 atropa-tipped darts, 2 datura-tipped darts, a +0 spear, a
                  | piece from Xom's chessboard (15/15), a +0 robe
     0 | D:1      | Reached XP level 1. HP: 13/13 MP: 1/1
    82 | D:1      | Reached XP level 2. HP: 13/19 MP: 2/2
   728 | D:1      | Reached XP level 3. HP: 25/25 MP: 3/3
   738 | D:1      | Found a faded altar of an unknown god.
   911 | D:1      | HP: 1/25 [quokka (2)]
   913 | D:1      | Slain by a quokka

Illustrated notes

Levels and vault maps discovered:
D:1:      onia_arrival_mini_spirals, layout_basic,
          dreamdust_ecumenical_altar_angels_and_demons, minmay_split_cup_large

Skill      XL: | |
---------------+-+-----
Stealth        | |  9.5
Fighting       | |  0.7
Short Blades   | |  0.7
Long Blades    | |  0.7
Axes           | |  0.7
Maces & Flails | |  0.7
Polearms       | |  2.6
Staves         | |  0.7
Slings         | |  0.7
Bows           | |  0.7
Crossbows      | |  0.7
Throwing       | |  0.7
Armour         | |  0.7
Dodging        | |  0.7
Shields        | |  0.7
Unarmed Combat | |  0.7
Spellcasting   | |  0.7
Conjurations   | |  0.5
Hexes          | |  0.5
Summonings     | |  0.5
Necromancy     | |  0.5
Translocations | |  0.5
Transmutations | |  0.5
Fire Magic     | |  0.5
Ice Magic      | |  0.5
Air Magic      | |  0.5
Earth Magic    | |  0.5
Poison Magic   | |  0.5
Invocations    | |  0.9
Evocations     | |  8.5

Action                   || total
-------------------------++-------
Melee: Spear             ||    77
       Dagger            ||     3
       Bite              ||     7
Evoke: Piece from Xom's  ||     4
 Stab: Sleeping          ||    22
Armor: Robe              ||    14
Dodge: Dodged            ||    23

Table legend: (Time is in decaauts)
 A = Elapsed time spent in this place.
 B = Non-inter-level travel time spent in this place.
 C = Inter-level travel time spent in this place.
 D = Time resting spent in this place.
 E = Time spent auto-exploring this place.
 F = Levels seen in this place.
 G = Mean time per level.
                   A        B        C        D        E       F      G
               +--------+--------+--------+--------+--------+-----+--------+
         Total |    910 |    910 |      0 |      0 |    731 |   1 |  910.0 |
       Dungeon |    910 |    910 |      0 |      0 |    731 |   1 |  910.0 |
               +--------+--------+--------+--------+--------+-----+--------+

Top non-repeatable levels by time:
     D:1: 910 daAuts
